 Dungeon Crawl Stone Soup version 0.31.0-2-g5a2aebc5c2 (webtiles) character file.

Game seed: 13514412148778235778

2334 ssalbiz the Cleaver (level 9, -2/70 HPs)
             Began as a Minotaur Berserker on Jan 20, 2024.
             Was an Elder of Trog.
             Killed from afar by a steam dragon (12 damage)
             ... with a ball of steam
             ... on level 6 of the Dungeon.
             The game lasted 00:05:24 (4295 turns).

ssalbiz the Cleaver (Minotaur Berserker)            Turns: 4295, Time: 00:05:26

Health: -2/70      AC:  6    Str: 26    XL:     9   Next: 19%
Magic:  8/8        EV: 11    Int:  4    God:    Trog [****..]
Gold:   249        SH:  0    Dex: 10    Spells: 8/8 levels left

rFire   . . .        a - +0 hand axe
rCold   . . .        (no shield)
rNeg    . . .        g - +0 ring mail
rPois   .            (helmet restricted)
rElec   .            (no cloak)
rCorr   .            y - +0 pair of gloves
SInv    .            (no boots)
Will    ++...        c - amulet of regeneration Stlth
                     (no ring)
HPRegen 2.11/turn    (no ring)
MPRegen 0.11/turn

%: no passive effects
@: strong-willed, on berserk cooldown, regenerating, slowed, very slow
A: horns 2, retaliatory headbutt
a: Renounce Religion, Berserk, Trog's Hand, Brothers in Arms


You were on level 6 of the Dungeon.
You worshipped Trog.
Trog was greatly pleased with you.
You visited 1 branch of the dungeon, and saw 8 of its levels.
You also visited: Sewer.

You collected 329 gold pieces.
You spent 80 gold pieces at shops.

Inventory:

Hand Weapons
 a - a +0 hand axe (weapon)
Missiles
 e - 6 silver javelins (quivered)
 f - 4 javelins
Armour
 g - a +0 ring mail (worn)
 y - a +0 pair of gloves (worn)
Jewellery
 c - an amulet of regeneration (around neck)
 C - a +6 ring of intelligence
 E - an amulet of magic regeneration
Scrolls
 b - 3 scrolls of identify {unknown}
 d - 2 scrolls of teleportation
 h - 3 scrolls of fog {unknown}
 i - 2 scrolls of enchant weapon {unknown}
 k - 2 scrolls of fear
 l - 2 scrolls of noise
 o - 3 scrolls of enchant armour {unknown}
 q - 3 scrolls of revelation {unknown}
 s - a scroll of brand weapon {unknown}
 u - 3 scrolls of butterflies {unknown}
 v - 2 scrolls of vulnerability {unknown}
 w - a scroll of poison {unknown}
 x - a scroll of immolation {unknown}
 D - a scroll of amnesia {unknown}
Potions
 j - a potion of invisibility {unknown}
 m - 2 potions of haste {unknown}
 n - a potion of mutation {unknown}
 p - a potion of enlightenment {unknown}
 r - a potion of might {unknown}
 t - a potion of heal wounds {unknown}
 z - a potion of curing {unknown}
 A - a potion of cancellation {unknown}
 B - a potion of brilliance {unknown}


   Skills:
 - Level 3.6 Fighting
 + Level 14.8 Axes
 - Level 2.4 Armour
 - Level 2.1 Dodging


You had 8 spell levels left.
You didn't know any spells.
Your spell library was empty.

Dungeon Overview and Level Annotations

Branches:
Dungeon (8/15)              Sewer (visited)
 Temple: D:4-7         Lair: D:8-11

Altars:
Fedhas
Okawaru
Qazlal
Ru
Vehumet

Shops:
D:2 ?


Innate Abilities, Weirdness & Mutations

You have a pair of horns on your head.
You reflexively headbutt those who attack you in melee.


Message History

Trog accepts your kill.
Unknown command.
Items here: )) [ †.
Unknown command.
You feel a strong urge to attack something.
You are no longer berserk.
You are exhausted.
You feel yourself slow down. The steam dragon barely misses you.
You furiously retaliate!
You headbutt the steam dragon. The steam dragon barely misses you.
You closely miss the steam dragon. Your headbutt misses the steam dragon.
The steam dragon is lightly wounded.
The steam dragon barely misses you. You furiously retaliate!
You headbutt the steam dragon! The steam dragon claws you.
You hit the steam dragon. You headbutt the steam dragon.
The steam dragon is heavily wounded.
You hit the ogre.
The ogre hits you with a +0 giant club!!
The steam dragon bites you but does no damage.
The steam dragon claws you.
You barely miss the steam dragon.
The steam dragon is heavily wounded.
You slash the ogre! The steam dragon bites you!
The steam dragon claws you but does no damage.
You are too injured to fight recklessly!
Your skin crawls.
You feel strong-willed. The ogre hits you with a +0 giant club!
* * * LOW HITPOINT WARNING * * *
The steam dragon bites you.
* * * LOW HITPOINT WARNING * * *
The steam dragon claws you but does no damage.
The steam dragon attacks as it pursues you!
The steam dragon bites you.
* * * LOW HITPOINT WARNING * * *
The steam dragon claws you.
* * * LOW HITPOINT WARNING * * *
The steam dragon breathes steam at you. The ball of steam hits you!
You die...

#########......#
#.......#......#
#.......#......#
#.......'......#
#.......#......#
######.##'###......###
#...##)#........#'#..#
#....))#...<....)....'
#....@.#........#....#
#.:.DO.#........#....#
#......#........#....#
+..)....#........#...##
##......#........#...##
#......#........#...#.
.......#........#...#.
##......#........#...#.
#......#........#...#.


You could see a steam dragon (catching breath) and an ogre.

Vanquished Creatures
  Prince Ribbit (D:5)
  Menkaure (D:6)
  A water moccasin (D:5)
  An orc warrior (D:6)
  An ice beast (D:7)
  4 black bears
  2 centaurs
  A phantom (D:5)
  2 brain worms (Sewer)
  2 bullfrogs
  3 scorpions
  2 howler monkeys (D:5)
  A jelly (D:5)
  A bombardier beetle (D:3)
  A gnoll bouda (D:4)
  5 hounds
  Jessica (D:2)
  3 orc wizards
  6 gnolls
  3 river rats
  9 adders
  A white imp (D:5)
  3 dart slugs
  A ribbon worm (D:3)
  10 orcs
  16 ball pythons
  6 bats
  11 endoplasms
  3 giant cockroaches
  6 goblins
  6 hobgoblins
  4 quokkas
  15 frilled lizards
  6 kobolds
  18 rats
157 creatures vanquished.

Notes
Turn   | Place    | Note
-------+----------+-------------------------------------------
     0 | D:1      | ssalbiz the Minotaur Berserker began the quest for the Orb.
     0 | D:1      | Reached XP level 1. HP: 19/19 MP: 0/0
    31 | D:1      | Reached skill level 4 in Axes
    31 | D:1      | Reached XP level 2. HP: 20/26 MP: 1/1
   208 | D:1      | Reached skill level 5 in Axes
   265 | D:1      | Reached XP level 3. HP: 31/31 MP: 2/2
   441 | D:1      | Reached ** piety under Trog
   863 | D:2      | Found Siytuim's Magic Scroll Shop.
   878 | D:2      | Bought a scroll of fear for 40 gold pieces
   878 | D:2      | Bought a scroll of teleportation for 30 gold pieces
   878 | D:2      | Bought a scroll of noise for 10 gold pieces
  1030 | D:2      | Noticed Jessica
  1034 | D:2      | Killed Jessica
  1035 | D:2      | Reached skill level 6 in Axes
  1035 | D:2      | Reached XP level 4. HP: 30/39 MP: 3/3
  1560 | D:3      | Found a radiant altar of Vehumet.
  1618 | D:3      | Reached skill level 7 in Axes
  1618 | D:3      | Reached XP level 5. HP: 44/45 MP: 4/4
  1708 | D:3      | Found an iron altar of Okawaru.
  1759 | D:3      | Found a glowing drain.
  1764 | Sewer    | Entered a sewer
  1807 | Sewer    | Reached *** piety under Trog
  1808 | Sewer    | Reached skill level 8 in Axes
  1871 | Sewer    | Reached XP level 6. HP: 48/51 MP: 2/5
  2199 | D:3      | Found a stormy altar of Qazlal.
  2448 | D:3      | Reached skill level 9 in Axes
  2953 | D:4      | Reached XP level 7. HP: 44/57 MP: 6/6
  3098 | D:4      | Reached skill level 10 in Axes
  3318 | D:4      | Found a sacrificial altar of Ru.
  3447 | D:4      | Reached **** piety under Trog
  3503 | D:5      | Entered Level 5 of the Dungeon
  3519 | D:5      | Reached skill level 11 in Axes
  3547 | D:5      | Reached XP level 8. HP: 51/64 MP: 7/7
  3574 | D:5      | You fall into a shaft and drop 3 floors!
  3621 | D:7      | Reached skill level 12 in Axes
  3755 | D:5      | Reached skill level 13 in Axes
  3801 | D:5      | Noticed Prince Ribbit
  3898 | D:5      | Killed Prince Ribbit
  4048 | D:5      | Reached skill level 14 in Axes
  4201 | D:6      | Found a blossoming altar of Fedhas.
  4213 | D:6      | Noticed Menkaure
  4217 | D:6      | Killed Menkaure
  4218 | D:6      | Reached XP level 9. HP: 70/70 MP: 8/8
  4295 | D:6      | Killed from afar by a steam dragon

Illustrated notes

Levels and vault maps discovered:
D:1:      dpeg_arrival_prison, layout_rooms
D:2:      cheibrodos_helix_gallery, layout_basic, serial_shops, shop,
          st_stairs_1, kennysheep_cross_bottleneck,
          chequers_serial_rivers_marsh, uniq_jessica
D:3:      layout_basic, mainiacjoe_overflow_concentric_impassable,
          mainiacjoe_overflow_cross_hatched,
          mainiacjoe_overflow_surrounded_room,
          mainiacjoe_sewer_entry_somewhere_in_here_2
D:4:      layout_loops_ring, nicolae_ru_the_path_less_chosen
D:5:      layout_rooms, grunt_ministairs_5, uniq_prince_ribbit1
D:6:      layout_gridville, kennysheep_slug_shrine,
          nicolae_overflow_crystal_walls, minmay_misc_feat_secret_circle,
          uniq_sigmund, uniq_menkaure, uniq_jeremiah
D:7:      layout_basic, nicolae_overflow_squiral, temple_pool_b,
          item_on_display_a
D:8:      layout_loops_cross, mainiacjoe_overflow_small_starburst,
          nicolae_overflow_hidden_temple

Skill      XL: |  1  2  3  4  5  6  7  8 |
---------------+-------------------------+-----
Axes           | 4 5 6 7 8 9 11 14 | 14.8
Fighting       | |  3.6
Armour         | |  2.4
Dodging        | |  2.1

Action                     |  1- 3 |  4- 6 |  7- 9 || total
---------------------------+-------+-------+-------++-------
  Melee: Hand axe          |    67 |   148 |   173 ||   388
         Headbutt          |     4 |    19 |    28 ||    51
         Punch             |       |     2 |     2 ||     4
  Throw: Javelin           |       |       |     5 ||     5
 Invoke: Berserk           |       |     1 |     6 ||     7
         Trog's Hand       |       |       |     2 ||     2
         Brothers in Arms  |       |       |     1 ||     1
    Use: Scroll            |       |       |     1 ||     1
   Stab: Sleeping          |     1 |       |       ||     1
 Armour: Animal skin       |    15 |       |       ||    15
         Ring mail         |    22 |    81 |   147 ||   250
  Dodge: Dodged            |    38 |    59 |    95 ||   192
